 Dungeon Crawl Stone Soup version 0.22.1-1-ga44c0e5 (webtiles) character file.

517 Zebedee the Firebug (level 7, -1/37 HPs)
             Began as a Deep Elf Fire Elementalist on Oct 11, 2018.
             Succumbed to kobold's curare-tipped needle
             ... in a sewer.
             The game lasted 00:15:26 (5084 turns).

Zebedee the Firebug (Deep Elf Fire Elementalist)    Turns: 5084, Time: 00:15:26

Health: -1/37      AC:  5    Str:  7 (9)  XL:     7   Next: 0%
Magic:  16/16      EV: 10    Int: 19 (20) God:
Gold:   193        SH:  0    Dex: 15      Spells: 8/16 levels left

rFire    . . .     SeeInvis +   a - +5 dagger (elec)
rCold    . . .     Gourm    +   (no shield)
rNeg     . . .     Faith    .   j - +0 ring mail
rPois    .         Spirit   .   (no helmet)
rElec    .         Reflect  .   (no cloak)
rCorr    .         Harm     .   (no gloves)
MR       .....                  (no boots)
Stlth    +.........             w - amulet of the gourmand
HPRegen  0.12/turn              o - ring of fire
MPRegen  0.15/turn              z - ring of ice

@: lethally poisoned (-1 -> -30), slowed, very slow
A: see invisible, strong 1, subdued magic 1, MP-powered wands
a: no special abilities


You were in a sewer.
You were completely stuffed.

You visited 1 branch of the dungeon, and saw 5 of its levels.
You also visited: Sewer.

You collected 193 gold pieces.

Inventory:

Hand Weapons
 a - a +5 dagger of electrocution (weapon)
 d - a +0 dagger
 i - a +0 short sword
 t - a +0 hunting sling
Missiles
 b - 8 tomahawks (quivered)
 p - 5 needles of paralysis
 q - 3 javelins
 s - 50 stones
 C - 12 poisoned needles
Armour
 j - a +0 ring mail (worn)
 v - +0 storm dragon scales
 y - a +0 robe
 D - a +0 shield
Jewellery
 o - a ring of fire (left hand)
 w - an amulet of the gourmand (around neck)
 x - an uncursed ring of stealth
 z - a ring of ice (right hand)
Scrolls
 e - 3 scrolls of remove curse
 f - 5 scrolls of teleportation
 g - 4 scrolls of identify
 h - 2 scrolls of enchant armour
 k - a scroll of noise {unknown}
 m - 2 scrolls of random uselessness
 n - a scroll of fear {unknown}
 u - a scroll of immolation {unknown}
 B - a scroll of blinking {unknown}
Potions
 r - a potion of might
 E - a potion of brilliance
Comestibles
 c - 11 rations
 F - a chunk of flesh


   Skills:
 + Level 0.4 Fighting
 * Level 2.3 Short Blades
 * Level 2.8 Armour
 - Level 2.5 Dodging
 - Level 2.4 Stealth
 + Level 5.1 Spellcasting
 + Level 3.2 Conjurations
 + Level 5.1 Fire Magic


You had 8 spell levels left.
You knew the following spells:

 Your Spells              Type           Power        Failure   Level  Hunger
a - Flame Tongue          Conj/Fire      ###..        5%          1    None
b - Conjure Flame         Conj/Fire      ###.....     19%         3    ##.....
c - Sticky Flame          Conj/Fire      ###.....     52%         4    ####...

Your spell library contained the following spells:

 Spells                   Type           Power        Failure   Level  Hunger
 Throw Flame              Conj/Fire      ###...       9%          2    #......
 Inner Flame              Hex/Fire       ###.....     34%         3    ##.....
 Fireball                 Conj/Fire      ###.......   87%         5    ######.


Dungeon Overview and Level Annotations

Branches:
Dungeon (5/15)
 Temple: D:4-7

Altars:
Ru


Innate Abilities, Weirdness & Mutations

You have supernaturally acute eyesight. (SInv)
Your muscles are strong. (Str +2)
Your spells are a little easier to cast, but a little less powerful.
You expend magic power (3 MP) to strengthen your wands.


Message History

You hear a splash.
Things that are here:
2 curare-tipped needles; a club
* * * LOW HITPOINT WARNING * * *
You feel extremely sick.
The kobold unwields an uncursed blowgun.
The kobold wields an uncursed club.
The kobold splashes around in the water. x2
Unknown command.
You feel extremely strange.
Your vision sharpens.
You feel your magical essence link to your wands.
Your connection to magic feels subdued.
You feel stronger.
* * * LOW HITPOINT WARNING * * *
You feel very sick.
The kobold splashes around in the water.
You hit the kobold.
You kill the kobold!
You hear a splash. x2
You die...

#.#.#. .#
#≈#≈#K K#
#≈#≈#≈ ≈#
#≈#≈#≈#≈
#..≈#≈≈≈
##≈###≈# #≈#
#≈# #(###.#
#.(@)≈# ##≈≈≈##
#.≈≈# #≈..#
##.≈.# ≈.#
##..≈.#
≈≈.≈#####≈.≈≈.#
.≈.≈≈≈.≈≈≈≈..##
#≈≈..≈.≈..###


There were no monsters in sight!

Vanquished Creatures
  A phantom (D:3)
  A scorpion (D:4)
  An orc wizard (D:3)
  Natasha (twice) (D:4)
  An iguana (D:4)
  2 worker ants (D:4)
  3 gnolls (D:3)
  6 adders
  A shadow imp (D:3)
  An ooze (Sewer)
  An adder skeleton (D:4)
  3 worms
  3 dart slugs (D:1)
  A leopard gecko (D:4)
  16 orcs
  6 giant cockroaches
  11 goblins
  8 hobgoblins
  8 jackals
  4 quokkas
  7 bats
  7 frilled lizards
  10 kobolds
  4 rats
108 creatures vanquished.

Notes
Turn   | Place    | Note
-------+----------+-------------------------------------------
     0 | D:1      | Zebedee the Deep Elf Fire Elementalist began the quest for
                  | the Orb.
     0 | D:1      | Reached XP level 1. HP: 10/10 MP: 6/6
    58 | D:1      | Reached XP level 2. HP: 15/15 MP: 2/8
   655 | D:1      | Reached XP level 3. HP: 19/19 MP: 9/9
  1278 | D:2      | Found a faded altar of an unknown god.
  1699 | D:2      | Learned a level 3 spell: Conjure Flame
  2133 | D:3      | Reached XP level 4. HP: 24/24 MP: 3/11
  2137 | D:3      | Reached skill level 1 in Armour
  2678 | D:3      | Reached XP level 5. HP: 28/28 MP: 5/13
  3176 | D:3      | Noticed a phantom
  3184 | D:3      | Killed a phantom
  3184 | D:3      | Reached skill level 1 in Short Blades
  3254 | D:3      | Reached XP level 6. HP: 32/32 MP: 14/14
  3778 | D:4      | Learned a level 4 spell: Sticky Flame
  3837 | D:4      | Reached skill level 5 in Fire Magic
  4315 | D:4      | Reached skill level 5 in Spellcasting
  4486 | D:4      | Noticed Natasha
  4493 | D:4      | Killed Natasha
  4638 | D:4      | Noticed Natasha
  4643 | D:4      | Killed Natasha
  4825 | D:4      | Found a sacrificial altar of Ru.
  4856 | D:5      | Entered Level 5 of the Dungeon
  4926 | D:5      | Found a glowing drain.
  5014 | Sewer    | Entered a sewer
  5053 | Sewer    | Reached XP level 7. HP: 35/37 MP: 16/16
  5083 | Sewer    | Gained mutation: You have supernaturally acute eyesight.
                  | (SInv) [potion of mutation]
  5083 | Sewer    | Gained mutation: You expend magic power (3 MP) to
                  | strengthen your wands. [potion of mutation]
  5083 | Sewer    | Gained mutation: Your spells are a little easier to cast,
                  | but a little less powerful. [potion of mutation]
  5083 | Sewer    | Gained mutation: Your muscles are strong. (Str +2) [potion
                  | of mutation]
  5084 | Sewer    | Succumbed to kobold's curare-tipped needle

Skill      XL: |  1  2  3  4  5  6 |
---------------+-------------------+-----
Fire Magic     | 4 5 |  5.1
Armour         | 1 2 |  2.8
Spellcasting   | 4 5 |  5.1
Conjurations   | 2 3 |  3.2
Short Blades   | 1 2 |  2.3
Fighting       | |  0.4
Dodging        | |  2.5
Stealth        | |  2.4

Action                   |  1- 3 |  4- 6 |  7- 9 || total
-------------------------+-------+-------+-------++-------
Melee: Short sword       |    26 |     1 |       ||    27
       Dagger            |       |    85 |     4 ||    89
 Cast: Flame Tongue      |    64 |   114 |       ||   178
  Use: Scroll            |     5 |     7 |       ||    12
       Potion            |       |     4 |     1 ||     5
 Stab: Sleeping          |     1 |     1 |       ||     2
  Eat: Chunk             |     5 |    18 |       ||    23
Armor: Robe              |     5 |       |       ||     5
       Ring mail         |    16 |    49 |       ||    65
Dodge: Dodged            |    55 |    73 |       ||   128
